 Dungeon Crawl Stone Soup version 0.22-a0-412-g2b68d14 (webtiles) character file.

207 Borgoz the Skirmisher (level 5, -3/42 HPs)
             Began as a Demonspawn Abyssal Knight on May 12, 2018.
             Was a Believer of Lugonu.
             Slain by a worker ant (7 damage)
             ... on level 4 of the Dungeon.
             The game lasted 00:04:40 (3447 turns).

Borgoz the Skirmisher (Demonspawn Abyssal Knight)   Turns: 3447, Time: 00:04:42

Health: -3/42      AC:  3    Str: 13    XL:     5   Next: 54%
Magic:  16/16      EV: 11    Int: 13    God:    Lugonu [**....]
Gold:   174        SH:  4    Dex: 13    Spells: 4/4 levels left

rFire    . . .     SeeInvis .   a - +1 hand axe
rCold    . . .     Gourm    .   f - +0 buckler (curse)
rNeg     . . .     Faith    .   r - +0 leather armour
rPois    .         Spirit   .   (no helmet)
rElec    .         Reflect  .   (no cloak)
rCorr    .         Harm     .   (no gloves)
MR       .....                  (no boots)
Stlth    +.........             (no amulet)
HPRegen  0.14/turn              h - ring of magical power
MPRegen  0.15/turn              (no ring)

@: lethally poisoned (-3 -> -10), flying
A: hooves 2
a: Depart the Abyss, Bend Space, Renounce Religion


You were on level 4 of the Dungeon.
You worshipped Lugonu.
Lugonu was pleased with you.
You were not hungry.

You visited 1 branch of the dungeon, and saw 4 of its levels.
You visited the Abyss 1 time.

You collected 174 gold pieces.

Inventory:

Hand Weapons
 a - a +1 hand axe (weapon)
 b - a +0 whip of pain
Armour
 f - a cursed +0 buckler (worn)
 r - a +0 leather armour (worn)
Jewellery
 h - a ring of magical power (left hand)
 o - an uncursed ring of positive energy {unknown}
Scrolls
 d - 7 scrolls of identify {unknown}
 e - 3 scrolls of remove curse {unknown}
 j - 2 scrolls of magic mapping {unknown}
 k - 2 scrolls of fear {unknown}
 m - a scroll of fog {unknown}
 s - a scroll of blinking {unknown}
Potions
 g - 4 potions of flight
 i - 2 potions of curing {unknown}
 l - a potion of heal wounds {unknown}
 n - 2 potions of might {unknown}
 p - a potion of lignification {unknown}
 q - a potion of berserk rage {unknown}
Comestibles
 c - 9 rations
 t - 2 chunks of flesh


   Skills:
 + Level 3.6 Fighting
 * Level 3.1 Axes
 + Level 2.5 Armour
 + Level 1.8 Dodging
 + Level 1.7 Shields
 + Level 3.5 Invocations


You had 4 spell levels left.
You didn't know any spells.
Your spell library contained the following spells:

 Spells                   Type           Power        Failure   Level  Hunger
 Magic Dart               Conj           #...         45%         1    ##.....
 Iskenderun's Mystic Bla  Conj           #.......     99%         4    #####..
 Fulminant Prism          Conj/Hex       #.........   99%         4    #####..
 Dazzling Spray           Conj/Hex       #.....       83%         3    ####...
 Force Lance              Conj/Tloc      #.......     99%         4    #####..
 Searing Ray              Conj           #.....       61%         2    ###....


Dungeon Overview and Level Annotations

Branches:
Dungeon (4/15)             Temple (0/1) D:4

Altars:
Makhleb
Xom
Zin
The Shining One


Innate Abilities, Weirdness & Mutations

You have hoof-like feet.


Message History

You barely miss the worker ant. You kick the worker ant.
The worker ant is almost dead.
You feel sick. The worker ant bites you.
* * * LOW HITPOINT WARNING * * *
You are lethally poisoned!
The worker ant poisons you! The worker ant barely misses you.
You barely miss the worker ant. Your kick misses the worker ant.
The worker ant is almost dead.
* * * LOW HITPOINT WARNING * * *
You feel sick. You block the worker ant's attack.
You hit the worker ant.
The worker ant is almost dead.
* * * LOW HITPOINT WARNING * * *
You feel sick. The worker ant barely misses you.
It was a potion of flight.
You feel very buoyant.
You fly up into the air.
* * * LOW HITPOINT WARNING * * *
You feel sick. The worker ant barely misses you. The worker ant bites you!
You die...

##.#####.###.....#..........#
##......# #..........#######
#..⌠...# #.#...#.#..#
#......# #..........#
#⌠.>.⌠.# ###>.......#
#......# #.#.######
#..⌠...#####.#.#
#..............##
##..####.......@.# ##..##
.#.##.#a.# .#.#.####.# #.#..#
.......... ..#..# .....####.
#. .... ..>....# #. ...#.
(.^..##.# ...#. ......# .#
....# # .....## #


You could see a worker ant.

Vanquished Creatures
  A howler monkey (D:3)
  A worker ant (D:4)
  A worker ant zombie (D:4)
  4 gnolls (D:3)
  An adder (D:2)
  4 worms
  2 dart slugs
  3 leopard geckos
  9 orcs
  3 giant cockroaches
  3 goblins
  3 hobgoblins
  3 jackals (D:3)
  2 quokkas
  9 bats
  3 frilled lizards (D:3)
  6 kobolds
  5 rats
63 creatures vanquished.

Notes
Turn   | Place    | Note
-------+----------+-------------------------------------------
     0 | Abyss:1  | Borgoz the Demonspawn Abyssal Knight began the quest for the Orb.
     0 | Abyss:1  | Reached XP level 1. HP: 18/18 MP: 2/2
    50 | Abyss:1  | Noticed a stone giant zombie
    89 | Abyss:1  | Noticed a green death
    90 | D:1      | Escaped the Abyss
   199 | D:1      | Reached skill level 1 in Dodging
   455 | D:1      | Gained mutation: You have large cloven feet. [demonic ancestry]
   455 | D:1      | Reached XP level 2. HP: 24/24 MP: 3/3
   509 | D:2      | Reached * piety under Lugonu
  1044 | D:2      | Reached XP level 3. HP: 22/29 MP: 5/5
  2020 | D:3      | Reached skill level 1 in Shields
  2140 | D:3      | Found a glowing golden altar of the Shining One.
  2140 | D:3      | Found a burning altar of Makhleb.
  2142 | D:3      | Found a glowing silver altar of Zin.
  2146 | D:3      | Gained mutation: You have hoof-like feet. [demonic ancestry]
  2146 | D:3      | Reached XP level 4. HP: 28/35 MP: 6/6
  2159 | D:3      | Found a shimmering altar of Xom.
  2274 | D:3      | Reached XP level 5. HP: 24/41 MP: 7/7
  2762 | D:4      | Reached ** piety under Lugonu
  2948 | D:4      | Found a staircase to the Ecumenical Temple.
  3067 | D:4      | Noticed an ogre
  3447 | D:4      | Slain by a worker ant

Vault maps used:
D:1:      roderic_dead_forest
D:2:      minmay_misc_feat_rows
D:3:      minitemple, first_ration
D:4:      temple_fountains, st_stairs_4, minivault_5

Skill      XL: |  1  2  3  4  5 |
---------------+----------------+-----
Dodging        | 1 |  1.8
Axes           | 2 3 |  3.1
Armour         | 2 |  2.5
Shields        | 1 |  1.7
Invocations    | 3 |  3.5
Fighting       | |  3.6

Action                   |  1- 3 |  4- 6 || total
-------------------------+-------+-------++-------
Melee: Hand axe          |   133 |    85 ||   218
       Kick              |    28 |    20 ||    48
Invok: Depart the Abyss  |     1 |       ||     1
       Bend Space        |       |     1 ||     1
  Use: Potion            |       |     1 ||     1
 Stab: Sleeping          |     1 |       ||     1
  Eat: Chunk             |     3 |     5 ||     8
Armor: Leather armour    |    45 |    18 ||    63
Dodge: Dodged            |    81 |    54 ||   135
Block: Buckler           |    14 |    13 ||    27

Table legend:
 A = Spawn XP
 B = Non-spawn XP
 C = Spawn XP percentage of total XP
 D = Spawn monster count
 E = Non-spawn monster count
 F = Spawn count percentage of total count
 G = Total turns spent on level
                    A         B        C        D         E        F      G
               +---------+---------+-------+---------+---------+-------+---------
         Total |       0 |     296 |   0.0 |       0 |      63 |   0.0 |  3447
               +---------+---------+-------+---------+---------+-------+---------
           D:1 |       0 |      13 |   0.0 |       0 |       7 |   0.0 |   400
           D:2 |       0 |      54 |   0.0 |       0 |      19 |   0.0 |  1179
           D:3 |       0 |     153 |   0.0 |       0 |      28 |   0.0 |  1338
           D:4 |       0 |      76 |   0.0 |       0 |       9 |   0.0 |   440
               +---------+---------+-------+---------+---------+-------+---------
